 Dungeon Crawl Stone Soup version 0.31-a0-846-gb3bcc0d938 (webtiles) character file.

Game seed: 12373724536511505202

53452 rageheart7 the Fighter (level 14, -22/118 HPs)
             Began as a Demonspawn Monk on Oct 2, 2023.
             Was a High Priest of Dithmenos.
             Annihilated by an enormous slime creature (57 damage)
             ... on level 12 of the Dungeon on Oct 3, 2023.
             The game lasted 00:54:42 (19459 turns).

rageheart7 the Fighter (Demonspawn Monk)           Turns: 19459, Time: 00:54:43

Health: -22/118    AC: 21    Str: 12    XL:     14   Next: 30%
Magic:  0/20       EV: 20    Int: 13    God:    Dithmenos [*****.]
Gold:   1177       SH:  0    Dex: 25    Spells: 13/13 levels left

rFire   . . .        u - +3 dagger (venom)
rCold   . . .        (no shield)
rNeg    . . .        C - +0 troll leather armour
rPois   +            n - +2 helmet
rElec   +            c - +1 cloak {rPois}
rCorr   .            B - +0 pair of gloves
SInv    .            z - +0 pair of boots
Will    +....        p - amulet of the acrobat
Stlth   +++++++      J - +4 ring of protection
HPRegen 1.19/turn    w - +6 ring of dexterity
MPRegen 0.34/turn

%: acrobat, guardian spirit
@: wreathed by umbra
A: claws 1, thin metallic scales 3, spiny 1, magic shield, magic regeneration,
magic link
a: Renounce Religion, Shadow Step, Shadow Form


You were on level 12 of the Dungeon.
You worshipped Dithmenos.
Dithmenos was extremely pleased with you.
You visited 3 branches of the dungeon, and saw 18 of its levels.
You also visited: Gauntlet.

You collected 1177 gold pieces.

Inventory:

Hand Weapons
 l - a +0 short sword of electrocution
 u - a +3 dagger of venom (weapon)
Armour
 c - a +1 cloak of poison resistance (worn)
 f - a +2 robe of cold resistance
 n - a +2 helmet (worn)
 z - a +0 pair of boots (worn)
 B - a +0 pair of gloves (worn)
 C - a +0 troll leather armour (worn)
 K - a +0 hat of stealth
Jewellery
 e - a ring of willpower
 o - a ring of protection from fire
 p - an amulet of the acrobat (around neck)
 t - the ring "Toz Siwa" {Ice rN++}
   (You took it off a minotaur in a Gauntlet)

   [ring of ice]

   Ice:       It enhances your ice magic.
   rF-:       It makes you vulnerable to fire.
   rC+:       It protects you from cold.
   rN++:      It greatly protects you from negative energy.
 w - a +6 ring of dexterity (right hand)
 x - a ring of resist corrosion
 G - a +6 ring of strength
 J - a +4 ring of protection (left hand)
Wands
 a - a wand of polymorph (10)
 q - a wand of charming (11)
 A - a wand of flame (13)
 M - a wand of quicksilver (4)
Scrolls
 h - 4 scrolls of immolation
 m - 9 scrolls of teleportation
 v - 2 scrolls of fear
 y - 2 scrolls of enchant weapon
 D - 2 scrolls of revelation
 E - a scroll of vulnerability
 F - a scroll of fog
 I - 2 scrolls of identify
 L - 4 scrolls of amnesia
 P - a scroll of brand weapon {unknown}
Potions
 b - 2 potions of magic
 g - 7 potions of attraction
 j - a potion of curing
 k - 4 potions of enlightenment
 r - 2 potions of berserk rage
 s - a potion of cancellation
 H - 2 potions of mutation
 N - a potion of brilliance
 O - a potion of might
 Q - a potion of haste
Miscellaneous
 d - a phial of floods (inert)
 i - a lightning rod (inert)


   Skills:
 - Level 13.0 Fighting
 - Level 8.8(10.1) Short Blades
 - Level 7.6(9.5) Long Blades
 - Level 3.1 Maces & Flails
 - Level 10.0 Armour
 - Level 10.0 Dodging
 + Level 8.3 Stealth
 + Level 8.9 Invocations


You had 13 spell levels left.
You didn't know any spells.
Your spell library contained the following spells:

 Spells                   Type           Power      Damage    Failure   Level
 Magic Dart               Conj           0%         1d3       36%         1
 Searing Ray              Conj           0%         2d4       50%         2
 Call Canine Familiar     Summ           0%         N/A       75%         3
 Frozen Ramparts          Ice            0%         1d1       75%         3
 Hailstorm                Conj/Ice       0%         3d3       75%         3
 Sigil of Binding         Hex            0%         N/A       75%         3
 Brom's Barrelling Bould  Conj/Erth      0%         2d3       98%         4
 Dimensional Bullseye     Hex/Tloc       0%         N/A       98%         4
 Fulminant Prism          Conj/Hex       0%         3d5       98%         4
 Leda's Liquefaction      Hex/Erth       0%         N/A       98%         4
 Petrify                  Tmut/Erth      0%         N/A       98%         4
 Summon Ice Beast         Ice/Summ       0%         N/A       98%         4
 Fireball                 Conj/Fire      0%         3d3       100%        5
 Iskenderun's Battlesphe  Conj           0%         2d6       100%        5
 Metabolic Englaciation   Hex/Ice        0%         N/A       100%        5
 Conjure Ball Lightning   Conj/Air       0%         3x3d6     100%        6
 Simulacrum               Ice/Necr       0%         N/A       100%        6
 Orb of Destruction       Conj           0%         9d5       100%        7


Dungeon Overview and Level Annotations

Branches:
Dungeon (12/15)            Temple (1/1) D:7            Lair (5/5) D:9
  Swamp (0/4) Lair:2        Snake (0/4) Lair:2        Slime (0/5) Lair:4
    Orc (0/2) D:9         Gauntlet (visited)

Altars:
Ashenzari
Cheibriados
Dithmenos
Fedhas
Gozag
Hepliaklqana
Kikubaaqudgha
Makhleb
Nemelex Xobeh
Okawaru
Qazlal
Ru
Sif Muna
Trog
Uskayaw
Vehumet
Wu Jian
Xom
Yredelemnul

Shops:
D:4 !   D:9 *


Innate Abilities, Weirdness & Mutations

You have sharp fingernails.
You are completely covered in thin metallic scales. (AC +4, rElec)
You are partially covered in sharp spines.
When hurt, damage is shared between your health and your magic reserves.
You regenerate magic rapidly.
When low on magic, you restore magic in place of health.


Message History

The enormous slime creature completely misses you.
The boulder beetle curls into a ball and begins rolling!
You puncture the enormous slime creature!
The enormous slime creature looks as sick as possible!
The enormous slime creature is severely wounded.
You hit the enormous slime creature.
The enormous slime creature is severely wounded.
Your shadow hits the enormous slime creature with a dagger.
The enormous slime creature is struck by your spines.
The enormous slime creature hits you!!!
You emit a cloud of dark smoke.
You puncture the enormous slime creature!
The enormous slime creature is severely wounded.
Your shadow hits the enormous slime creature with a dagger.
You hit the enormous slime creature.
The enormous slime creature is severely wounded.
The enormous slime creature is struck by your spines.
The enormous slime creature hits you!!
* * * LOW HITPOINT WARNING * * *
The enormous slime creature attacks as it pursues you!
The enormous slime creature hits you but does no damage.
The enormous slime creature attacks as it pursues you!
The enormous slime creature completely misses you.
You hit the enormous slime creature.
The enormous slime creature is almost dead.
Aiming: Thunderbolt
Press: ? - help, Shift-Dir - straight line, f - enormous slime creature
Aim: an enormous slime creature (almost dead, extremely poisoned, umbra)
The thunderbolt hits the gargoyle.
The gargoyle resists.
The gargoyle is lightly damaged.
The thunderbolt hits the boulder beetle!
The boulder beetle is lightly wounded.
The thunderbolt hits the enormous slime creature!!
The enormous slime creature is almost dead.
The lightning rod overheats!
The boulder beetle leaps!
The enormous slime creature is struck by your spines.
The enormous slime creature hits you!!
* * * LOW HITPOINT WARNING * * *
Okay, then.
You feel much better. The enormous slime creature hits you!!!
You die...

#...._.#........ #.#
#..#...######### #.# ###..###J#
#.# #....#.J.# ######.######
#......#.# #..(...#.....
#..#.#.#.# #.####.#.....
#........# #.# #.'.....
#.##.########### #.# #.#.....
#>..9B§§§§9.J@.###.####.#.....
####.####§####.....#....#.....
#....§§# ####..####.######
#.####.# #...###.# #.####.#
####...##.#
#......#####.........#
######..###.......##.#.####
#...##..#.......#.##(.....#
#.................####....######


You could see an enormous slime creature (extremely poisoned) and a gargoyle.

Vanquished Creatures
  Rupert (Lair:3)
  Gastronok (Lair:1)
  A minotaur (Gauntlet)
  A fire dragon (Lair:5)
  5 hydras
  Fannar (Lair:3)
  A catoblepas (Lair:5)
  A death scarab (Gauntlet)
  Urug (Lair:3)
  A skyshark (Lair:3)
  Amaemon (D:9)
  A swamp dragon (Lair:5)
  A lindwurm (Lair:4)
  A wolf spider (Lair:5)
  2 cyclopes
  2 ugly things (D:12)
  A salamander (Lair:2)
  A manticore (D:11)
  A moth of wrath (Gauntlet)
  Maurice (D:8)
  A guardian serpent (Lair:5)
  An orange demon (D:9)
  9 black mambas
  14 elephants
  12 cane toads
  14 komodo dragons
  2 unseen horrors
  5 rime drakes
  A merfolk (D:9)
  4 trolls
  2 polar bears
  2 hornets (Lair:5)
  13 blink frogs
  7 dream sheep (Lair:3)
  A spectral black mamba (Gauntlet)
  Sigmund (D:5)
  3 shadows (Gauntlet)
  10 wyverns
  24 yaks
  2 wraiths (D:11)
  2 basilisks
  4 vampire mosquitoes (D:12)
  5 steam dragons
  4 redbacks
  An acid dragon (D:11)
  2 swamp worms (Lair:2)
  2 swamp drakes (Lair:5)
  25 water moccasins
  4 orc warriors
  2 sky beasts
  An ice beast (D:6)
  An ogre (D:5)
  7 wolves
  5 centaurs
  3 phantoms
  A kobold brigand (D:7)
  17 bullfrogs
  4 scorpions
  12 wights
  5 killer bees (D:11)
  A howler monkey (D:12)
  2 electric eels (Lair:4)
  2 lava snakes (Lair:2)
  A jelly (D:5)
  8 orc priests
  4 hounds
  A sleepcap (D:6)
  Jessica (D:2)
  4 iguanas
  11 orc wizards
  5 hell rats (Lair:5)
  Robin (D:2)
  8 gnolls
  17 adders
  A white imp (D:7)
  3 ufetubi
  3 worms
  2 dart slugs
  30 orcs
  8 ball pythons
  5 bats
  4 endoplasms
  10 giant cockroaches
  15 goblins
  9 hobgoblins
  8 jackals
  8 quokkas
  9 frilled lizards
  9 kobolds
  6 rats
457 creatures vanquished.

Vanquished Creatures (others)
  A troll (D:9)
  A black bear (Lair:3)
  3 wolves (Lair:3)
5 creatures vanquished.

Grand Total: 462 creatures vanquished

Notes
Turn   | Place    | Note
-------+----------+-------------------------------------------
     0 | D:1      | rageheart7 the Demonspawn Monk began the quest for the Orb.
     0 | D:1      | Reached XP level 1. HP: 18/18 MP: 1/1
   137 | D:1      | Gained mutation: You are partially covered in thin metallic
                  | scales. (AC +2) [demonic ancestry]
   137 | D:1      | Reached XP level 2. HP: 24/24 MP: 2/2
   340 | D:1      | Found a faded altar of an unknown god.
   524 | D:1      | Reached XP level 3. HP: 29/29 MP: 3/3
   775 | D:2      | Reached skill level 1 in Long Blades
   853 | D:2      | Gained mutation: You regenerate magic rapidly. [demonic
                  | ancestry]
   853 | D:2      | Reached XP level 4. HP: 36/37 MP: 4/4
   879 | D:2      | Reached skill level 4 in Fighting
  1177 | D:2      | Noticed Jessica
  1192 | D:2      | Killed Jessica
  1288 | D:2      | Reached XP level 5. HP: 42/43 MP: 5/5
  1293 | D:2      | Noticed Robin
  1309 | D:2      | Killed Robin
  1890 | D:3      | Noticed a phantom
  1900 | D:3      | Killed a phantom
  1901 | D:3      | Reached skill level 5 in Fighting
  2094 | D:3      | Reached XP level 6. HP: 51/51 MP: 6/6
  3234 | D:4      | Found Miegrim's Distillery.
  3325 | D:5      | Entered Level 5 of the Dungeon
  3797 | D:5      | Noticed Sigmund
  3809 | D:5      | Killed Sigmund
  3810 | D:5      | Reached skill level 6 in Fighting
  3810 | D:5      | Gained mutation: When hurt, damage is shared between your
                  | health and your magic reserves. [demonic ancestry]
  3810 | D:5      | Reached XP level 7. HP: 52/58 MP: 7/7
  4158 | D:5      | Reached skill level 5 in Long Blades
  4406 | D:5      | Reached skill level 7 in Fighting
  4665 | D:5      | Reached XP level 8. HP: 64/67 MP: 8/8
  5149 | D:6      | Reached skill level 8 in Fighting
  5286 | D:6      | Identified the +0 robe "Ximip" {rPois Will- Dex+2}
  5786 | D:7      | Gained mutation: You are mostly covered in thin metallic
                  | scales. (AC +3) [demonic ancestry]
  5786 | D:7      | Reached XP level 9. HP: 71/75 MP: 9/9
  5868 | D:7      | Reached skill level 9 in Fighting
  5948 | D:7      | Found a staircase to the Ecumenical Temple.
  6028 | Temple   | Entered the Ecumenical Temple
  6088 | Temple   | Became a worshipper of Dithmenos the Shadowed
  6088 | Temple   | Reached * piety under Dithmenos
  6088 | Temple   | Reached ** piety under Dithmenos
  6575 | D:8      | Reached skill level 1 in Short Blades
  6914 | D:8      | Found a sacrificial altar of Ru.
  6934 | D:8      | Noticed Maurice
  6960 | D:8      | Something stole a +3 dagger of venom
  6966 | D:8      | Something stole a ring of resist corrosion
  6976 | D:8      | Something stole 403 gold
  7001 | D:8      | Killed Maurice
  7286 | D:8      | Upgraded the game from 0.31-a0-845-g9abc20d24f to
                  | 0.31-a0-846-gb3bcc0d938
  7548 | D:9      | Noticed a troll
  7552 | D:9      | Reached skill level 10 in Fighting
  7686 | D:9      | Found a staircase to the Lair.
  7686 | D:9      | Noticed a troll
  7701 | D:9      | Killed a troll
  7702 | D:9      | Reached skill level 5 in Short Blades
  7813 | D:9      | Noticed Amaemon
  7821 | D:9      | Noticed an orange demon
  7825 | D:9      | Gained mutation: When low on magic, you restore magic in
                  | place of health. [demonic ancestry]
  7825 | D:9      | Reached XP level 10. HP: 55/85 MP: 5/10
  7844 | D:9      | Killed Amaemon
  7852 | D:9      | Killed an orange demon
  8092 | D:9      | Found Poreorr's General Store.
  8131 | D:9      | Reached *** piety under Dithmenos
  8342 | D:9      | Found a staircase to the Orcish Mines.
  8533 | D:10     | Entered Level 10 of the Dungeon
  8605 | D:10     | Reached skill level 11 in Fighting
  9740 | D:11     | Found a gate leading to a gauntlet.
  9749 | Gauntlet | Entered a Gauntlet
  9749 | Gauntlet | Found a transporter.
  9749 | Gauntlet | Found a transporter.
  9755 | Gauntlet | Noticed a wizard
  9764 | Gauntlet | Found a transporter.
  9779 | Gauntlet | Found a transporter.
  9779 | Gauntlet | Found a transporter.
  9781 | Gauntlet | Found a transporter.
  9781 | Gauntlet | Found a transporter.
  9783 | Gauntlet | Found a transporter.
  9783 | Gauntlet | Noticed a hell hog
  9784 | Gauntlet | Noticed a hell hog
  9796 | Gauntlet | Found a transporter.
  9809 | Gauntlet | Found a transporter.
  9818 | Gauntlet | Found a transporter.
  9822 | Gauntlet | Found a runed translucent door.
  9831 | Gauntlet | Noticed a moth of wrath
  9848 | Gauntlet | Found a transporter.
  9865 | Gauntlet | Found a transporter.
  9877 | Gauntlet | Found a transporter.
  9888 | Gauntlet | Noticed a death scarab
  9952 | Gauntlet | Killed a death scarab
 10103 | Gauntlet | Gained mutation: You have sharp fingernails. [demonic
                  | ancestry]
 10103 | Gauntlet | Reached XP level 11. HP: 68/93 MP: 8/11
 10187 | Gauntlet | Reached skill level 1 in Armour
 10291 | Gauntlet | Identified the ring "Toz Siwa" {Ice rN++}
 10291 | Gauntlet | Noticed a minotaur
 10323 | Gauntlet | Killed a minotaur
 11290 | D:11     | Reached skill level 5 in Dodging
 11353 | D:11     | Reached **** piety under Dithmenos
 11601 | D:12     | Reached skill level 12 in Fighting
 11675 | D:12     | Noticed a cyan ugly thing
 11688 | D:12     | Killed a cyan ugly thing
 11714 | D:12     | Noticed a purple ugly thing
 11718 | D:12     | Killed a green ugly thing
 11720 | D:12     | Noticed an eight-headed hydra
 11796 | Lair:1   | Entered Level 1 of the Lair of Beasts
 11882 | D:9      | Reached skill level 5 in Armour
 12163 | Lair:1   | Noticed Gastronok
 12184 | Lair:1   | Killed Gastronok
 12185 | Lair:1   | Reached XP level 12. HP: 30/102 MP: 7/12
 13265 | Lair:2   | Found a staircase to the Snake Pit.
 13304 | Lair:2   | Reached skill level 1 in Stealth
 13428 | Lair:2   | Noticed a six-headed hydra
 14240 | Lair:3   | Noticed Rupert
 14300 | Lair:2   | Noticed a six-headed hydra
 14312 | Lair:2   | Killed a six-headed hydra
 14315 | Lair:2   | Killed a six-headed hydra
 14324 | Lair:2   | Found a staircase to the Swamp.
 15026 | Lair:3   | Reached skill level 13 in Fighting
 15026 | Lair:3   | Gained mutation: You are completely covered in thin
                  | metallic scales. (AC +4, rElec) [demonic ancestry]
 15026 | Lair:3   | Reached XP level 13. HP: 32/111 MP: 8/13
 15160 | Lair:3   | Paralysed by Rupert for 4 turns
 15180 | Lair:3   | Killed Rupert
 15405 | Lair:3   | Noticed Urug
 15450 | Lair:3   | Killed Urug
 15624 | Lair:3   | Noticed Fannar
 15643 | Lair:3   | Killed Fannar
 15939 | Lair:4   | Reached ***** piety under Dithmenos
 16370 | Lair:4   | Found a staircase to the Slime Pits.
 16530 | Lair:5   | Entered Level 5 of the Lair of Beasts
 16674 | Lair:4   | Reached skill level 1 in Invocations
 16891 | Lair:5   | Reached skill level 10 in Dodging
 17044 | Lair:5   | Reached skill level 5 in Stealth
 17283 | Lair:5   | Reached skill level 10 in Armour
 17583 | Lair:5   | Reached skill level 5 in Invocations
 17947 | Lair:5   | Gained mutation: You are partially covered in sharp spines.
                  | [demonic ancestry]
 17947 | Lair:5   | Reached XP level 14. HP: 118/118 MP: 18/18
 19366 | D:12     | Found an opulent altar of Gozag.
 19459 | D:12     | Annihilated by an enormous slime creature

Illustrated notes

Levels and vault maps discovered:
D:1:      amcnicky_arrival_feature_with_door, layout_loops_ring,
          hellmonk_ecumenical_altar_heavens_door, minmay_tromino_mix6
D:2:      minmay_wonky_spiral, layout_basic, mrwooster_statue_mirror,
          uniq_robin, uniq_jessica
D:3:      kennysheep_big_flooded_room, layout_loops_ring
D:4:      layout_loops_corners, serial_shops, shop
D:5:      layout_basic, minmay_hedge_maze, uniq_sigmund
D:6:      layout_loops_ring
D:7:      layout_basic, minmay_temple_entry_sparse_star
D:8:      layout_basic, nicolae_ru_great_annihilating_truth, uniq_maurice
D:9:      layout_loops_ring, dpeg_oklobed_lair, minmay_orc_entry_temple_small,
          serial_shops, shop_statue, hangedman_fish_farm, uniq_amaemon
D:10:     layout_irregular_city, serial_co_window_serial, co_window_paths_a,
          co_window_paths_a, co_window_of_opportunity_a, co_window_paths_b,
          co_window_corner_a, co_window_paths_b, co_window_corner_a,
          co_window_cross_3, co_window_cross_3, co_window_paths_c,
          co_window_broadway_c, co_window_cross_4, co_window_4corner_b,
          glass_columns_b, glass_columns_b, glass_columns_c, glass_columns_a
D:11:     layout_stronghold, gauntlet_entry_generic
D:12:     layout_basic, nicolae_gozag_seed_capital
Temple:   nicolae_temple_bog_church
Lair:1:   layout_roguey, serial_bayou_shore_b, uniq_gastronok
Lair:2:   layout_regular_city, palyth_hydra_swamp_entry,
          nicolae_snake_entry_warm_welcome, grunt_megastairs_5
Lair:3:   layout_gridlike, st_stairs_5, forest_entry_grove, lemuel_fruit_tree,
          uniq_urug, uniq_rupert, uniq_fannar
Lair:4:   layout_cave_shapes, dpeg_slime_entry_corner, serial_bayou_lagoon_b
Lair:5:   guppyfry_lair_end_dragon, layout_cave_pods,
          hangedman_lair_tendril_chambers

Skill      XL: |  1  2  3  4  5  6  7  8  9 10 11 12 13 14 |
---------------+-------------------------------------------+-----
Maces & Flails | 3 |  3.1
Dodging        | 3 6 8 10 | 10.0
Long Blades    | 1 2 3 4 5 7 |  7.6
Fighting       | 4 5 6 7 8 10 11 12 13 | 13.0
Short Blades   | 5 8 |  8.8
Armour         | 5 8 10 | 10.0
Stealth        | 3 6 8 |  8.3
Invocations    | 6 8 |  8.9

Action                     |  1- 3 |  4- 6 |  7- 9 | 10-12 | 13-15 || total
---------------------------+-------+-------+-------+-------+-------++-------
  Melee: Mace              |    13 |       |       |       |       ||    13
         Falchion          |    78 |    28 |       |       |       ||   106
         Short sword       |       |   225 |   352 |   372 |       ||   949
         Dagger            |       |       |   154 |   920 |  1223 ||  2297
         Punch             |       |       |     3 |    24 |    24 ||    51
 Invoke: Shadow Step       |       |       |       |     1 |       ||     1
  Evoke: Wand              |       |       |     3 |    20 |    24 ||    47
         Lightning rod     |       |       |       |    15 |     7 ||    22
         Phial of floods   |       |       |       |     3 |     1 ||     4
    Use: Scroll            |       |     6 |     2 |    14 |     8 ||    30
         Potion            |       |       |     2 |    12 |     4 ||    18
   Stab: Sleeping          |       |       |     1 |     5 |     6 ||    12
         Paralysed         |       |       |     1 |       |       ||     1
         Distracted        |       |       |       |       |     7 ||     7
 Armour: Robe              |    44 |   115 |   212 |       |       ||   371
         Troll leather arm |       |       |    13 |   514 |   476 ||  1003
         Skin              |       |       |       |    30 |       ||    30
  Dodge: Dodged            |    65 |   155 |   304 |   773 |   880 ||  2177

Table legend: (Time is in decaauts)
 A = Elapsed time spent in this place.
 B = Non-inter-level travel time spent in this place.
 C = Inter-level travel time spent in this place.
 D = Time resting spent in this place.
 E = Time spent auto-exploring this place.
 F = Levels seen in this place.
 G = Mean time per level.
                   A        B        C        D        E       F      G
               +--------+--------+--------+--------+--------+-----+--------+
         Total |  18135 |  17257 |    878 |    202 |  12273 |  19 |  954.5 |
       Dungeon |  11284 |  10754 |    530 |    166 |   8235 |  12 |  940.3 |
        Temple |     85 |     64 |     21 |      0 |      0 |   1 |   85.0 |
          Lair |   6192 |   5866 |    326 |      0 |   3839 |   5 | 1238.4 |
      Gauntlet |    573 |    573 |      0 |     36 |    198 |   1 |  573.0 |
               +--------+--------+--------+--------+--------+-----+--------+

Top non-repeatable levels by time:
  Lair:5: 1813 daAuts
  Lair:2: 1506 daAuts
  Lair:3: 1257 daAuts
    D:11: 1234 daAuts
     D:5: 1144 daAuts
     D:4: 1101 daAuts
    D:10: 1095 daAuts
     D:9: 1044 daAuts
     D:8: 982 daAuts
     D:2: 979 daAuts
     D:6: 970 daAuts
  Lair:1: 851 daAuts
  Lair:4: 763 daAuts
     D:1: 739 daAuts
     D:7: 727 daAuts
